 Dungeon Crawl Stone Soup version 0.25-a0-294-gea9b1ad378 (webtiles) character file.

Game seed: 12416488718370377247, levelgen mode: deterministic

9084 Error4North the Cleaver (level 11, -10/93 HPs)
             Began as a Hill Orc Fighter on Dec 18, 2019.
             Was a Priest of Okawaru.
             Mangled by a two-headed ogre
             ... wielding a +0 giant club
              (14 damage)
             ... on level 10 of the Dungeon.
             The game lasted 01:03:16 (10256 turns).

Error4North the Cleaver (Hill Orc Fighter)         Turns: 10256, Time: 01:03:16

Health: -10/93     AC: 18    Str: 21    XL:     11   Next: 41%
Magic:  13/14      EV: 11    Int: 10    God:    Okawaru [***...]
Gold:   189        SH: 16    Dex: 10    Spells: 15/15 levels left

rFire    . . .     SeeInvis +   n - +3 hand axe
rCold    + + .     Gourm    .   c - +0 shield
rNeg     . . .     Faith    .   B - +1 chain mail {rC+}
rPois    .         Spirit   .   a - +0 helmet
rElec    .         Reflect  +   (no cloak)
rCorr    .         Harm     .   x - +0 pair of gloves
MR       .....                  C - +0 pair of boots
Stlth    ..........             r - +3 amulet of reflection
HPRegen  0.25/turn              m - ring of protection from cold
MPRegen  0.14/turn              y - ring of see invisible

@: heroism
A: no striking features
a: Heroism, Renounce Religion


You were on level 10 of the Dungeon.
You worshipped Okawaru.
Okawaru was most pleased with you.
You were not hungry.

You visited 2 branches of the dungeon, and saw 11 of its levels.

You collected 468 gold pieces.
You spent 279 gold pieces at shops.

Inventory:

Hand Weapons
 k - a +0 hunting sling
 n - a +3 hand axe (weapon)
 F - the +5 flail "Xenetuti" {drain, Str+3}
   (You took it off a kobold on level 9 of the Dungeon)

   A truly terrible weapon, it drains the life of those it strikes.
   It affects your strength (+3).
Missiles
 j - 118 stones
 l - 80 sling bullets
 t - 11 boomerangs (quivered)
Armour
 a - a +0 helmet (worn)
 c - a +0 shield (worn)
 x - a +0 pair of gloves (worn)
 B - a +1 chain mail of cold resistance (worn)
 C - a +0 pair of boots (worn)
Jewellery
 m - a ring of protection from cold (left hand)
 r - a +3 amulet of reflection (around neck)
 y - a ring of see invisible (right hand)
Wands
 d - a wand of digging (6)
 D - a wand of disintegration (1)
Scrolls
 e - a scroll of random uselessness {unknown}
 h - 5 scrolls of remove curse {unknown}
 i - 10 scrolls of teleportation
 o - 3 scrolls of enchant armour {unknown}
 p - 4 scrolls of amnesia {unknown}
 q - 2 scrolls of magic mapping {unknown}
 s - 6 scrolls of identify
 v - a scroll of enchant weapon {unknown}
 z - a scroll of fog {unknown}
Potions
 b - a potion of degeneration {unknown}
 g - 2 potions of haste
 u - 2 potions of mutation {unknown}
 w - a potion of heal wounds
 A - a potion of brilliance {unknown}
 E - 3 potions of lignification {unknown}
 G - a potion of curing {unknown}
Comestibles
 f - 15 rations
 H - 2 chunks of flesh


   Skills:
 * Level 7.7(12.7) Fighting
 + Level 10.4(15.4) Axes
 + Level 4.8(9.8) Slings
 + Level 0.2(7.9) Throwing
 * Level 8.5(13.5) Armour
 + Level 1.4(6.4) Dodging
 + Level 1.4(6.4) Stealth
 * Level 10.1(15.1) Shields
 + Level 2.6 Spellcasting
 * Level 3.4 Invocations
 * Level 5.0 Evocations


You had 15 spell levels left.
You didn't know any spells.
Your spell library contained the following spells:

 Spells                   Type           Power        Failure   Level  Hunger
 Recall                   Summ/Tloc      N/A          99%         3    ####...
 Cause Fear               Hex            #.........   100%        4    #####..
 Aura of Abjuration       Summ           #.........   100%        5    ######.
 Irradiate                Conj/Tmut      #.........   100%        5    ######.
 Silence                  Hex/Air        #.........   100%        5    ######.
 Summon Demon             Summ           #.........   100%        5    ######.
 Summon Forest            Summ/Tloc      #.........   100%        5    ######.
 Summon Mana Viper        Hex/Summ       #.......     100%        5    ######.
 Yara's Violent Unravell  Hex/Tmut       #.........   100%        5    ######.
 Deflect Missiles         Chrm/Air       #.........   100%        6    #######
 Hydra Form               Tmut           #.........   100%        6    #######
 Shadow Creatures         Summ           N/A          100%        6    #######
 Statue Form              Tmut/Erth      #........    100%        6    #######
 Dragon Form              Tmut           #.........   100%        7    #######
 Discord                  Hex            #.........   100%        8    #######


Dungeon Overview and Level Annotations

Branches:
Dungeon (10/15)            Temple (1/1) D:7            Lair (0/6) D:9
    Orc: D:9-12

Altars:
Ashenzari
Cheibriados
Dithmenos
Elyvilon
Fedhas
Gozag
Hepliaklqana
Kikubaaqudgha
Makhleb
Nemelex Xobeh
Okawaru
Qazlal
Ru
Sif Muna
Trog
Uskayaw
Vehumet
Wu Jian
Xom
Yredelemnul
Zin
The Shining One

Shops:
D:5 :*[   D:7 [   D:9 [[?=(

Annotations:
D:10 Gastronok


Message History

Gastronok waves his eye-stalks in wide circles.
The air twists around and strikes you!!
* * * LOW HITPOINT WARNING * * *
You slash the acid dragon!
The acid dragon is heavily wounded.
You block the acid dragon's attack. The acid dragon barely misses you.
You block the worker ant simulacrum's attack.
You block the two-headed ogre's attack.
The two-headed ogre hits you but does no damage.
The acid dragon spits acid at you. The splash of acid hits you.
* * * LOW HITPOINT WARNING * * *
You are splashed with acid!
* * * LOW HITPOINT WARNING * * *
The two-headed ogre hits you but does no damage.
You block the two-headed ogre's attack.
There is an escape hatch in the ceiling here.
The two-headed ogre completely misses you.
The two-headed ogre hits you with a cursed -3 giant club!
You die...

# #.# #.#
######################.#
../..w......................#
##### #.....................#
#..................(..#
#.....................#
#........O............#
#......ZD.@...........#
#.....................#
#.............(.......#
#######........#..............
............>.................≈
..............#...#)......≈≈≈..
.......#####..##..#.###..≈≈≈
######.# #.. ###..#


You could see a two-headed ogre, an acid dragon and a worker ant simulacrum.

Vanquished Creatures
  2 two-headed ogres (D:9)
  A hornet (D:10)
  A hippogriff (D:9)
  A human (D:8)
  5 yaks (D:9)
  4 hogs (D:8)
  A water moccasin (D:10)
  A porcupine (D:9)
  An orc warrior (D:8)
  3 sky beasts
  2 black bears (D:9)
  3 ice beasts
  An eye of draining (D:9)
  7 ogres
  3 centaurs
  2 wolves (D:10)
  2 big kobolds
  9 bullfrogs
  7 scorpions
  A water moccasin skeleton (D:10)
  3 wights (D:6)
  A howler monkey (D:8)
  2 bullfrog zombies
  A centaur zombie (D:5)
  6 crimson imps
  8 hounds
  A quasit (D:7)
  2 jellies
  2 wyvern simulacra (D:10)
  A centaur skeleton (D:6)
  10 orc priests
  14 orc wizards
  A bullfrog skeleton (D:4)
  A gnoll shaman (D:7)
  2 iguanas
  9 worker ants
  A hound skeleton (D:10)
  2 worker ant zombies
  11 gnolls
  13 adders
  A hound simulacrum (D:10)
  A shadow imp (D:8)
  2 white imps (D:10)
  A worker ant simulacrum (D:10)
  An ooze (D:1)
  An adder skeleton (D:8)
  3 worms
  3 dart slugs
  6 leopard geckos
  30 orcs
  4 bats
  6 giant cockroaches
  12 goblins
  4 hobgoblins
  7 jackals
  3 quokkas
  5 frilled lizards
  2 jackal skeletons (D:5)
  22 kobolds
  A leopard gecko skeleton (D:4)
  4 rats
  3 fungi (D:9)
270 creatures vanquished.

Vanquished Creatures (others)
  A cyclops (D:9)
  2 centaurs
  35 fungi (D:9)
  8 plants (D:9)
46 creatures vanquished.

Grand Total: 316 creatures vanquished

Notes
Turn   | Place    | Note
-------+----------+-------------------------------------------
     0 | D:1      | Error4North the Hill Orc Fighter began the quest for the
                  | Orb.
     0 | D:1      | Reached XP level 1. HP: 19/19 MP: 1/1
   165 | D:1      | Reached XP level 2. HP: 16/27 MP: 2/2
   446 | D:1      | Reached XP level 3. HP: 33/33 MP: 3/3
  1271 | D:2      | Reached XP level 4. HP: 20/40 MP: 4/4
  1737 | D:2      | Found a radiant altar of Vehumet.
  1747 | D:2      | Found a burning altar of Makhleb.
  1900 | D:3      | Reached skill level 1 in Spellcasting
  2244 | D:3      | Reached XP level 5. HP: 42/46 MP: 6/6
  2348 | D:3      | Reached skill level 1 in Slings
  2842 | D:4      | Noticed an ogre
  2851 | D:4      | Killed an ogre
  2851 | D:4      | Reached XP level 6. HP: 40/53 MP: 7/7
  3313 | D:5      | Entered Level 5 of the Dungeon
  3375 | D:5      | Reached skill level 5 in Axes
  3375 | D:5      | Reached XP level 7. HP: 18/60 MP: 9/9
  3376 | D:5      | Reached skill level 5 in Fighting
  3926 | D:5      | Reached skill level 5 in Armour
  4223 | D:5      | Reached skill level 5 in Shields
  4283 | D:5      | Reached XP level 8. HP: 29/68 MP: 11/11
  4493 | D:5      | Found Biwab's Assorted Antiques.
  4600 | D:5      | Found a sparkling altar of Nemelex Xobeh.
  4883 | D:5      | Found Wefudd's Armour Shop.
  4894 | D:5      | Reached skill level 1 in Dodging
  4905 | D:5      | Bought a +1 chain mail of cold resistance for 181 gold
                  | pieces
  5076 | D:5      | Found Seeptank's Book Boutique.
  5227 | D:5      | Reached skill level 1 in Stealth
  5291 | D:6      | Found a burning altar of Makhleb.
  5409 | D:6      | Reached XP level 9. HP: 55/74 MP: 12/12
  5626 | D:6      | Reached skill level 1 in Evocations
  6314 | D:7      | Found Neixudot's Armour Shoppe.
  6442 | D:7      | Found a basalt altar of Yredelemnul.
  6658 | D:7      | Found a blossoming altar of Fedhas.
  6826 | D:7      | Found a staircase to the Ecumenical Temple.
  6866 | Temple   | Entered the Ecumenical Temple
  6884 | Temple   | Became a worshipper of Warmaster Okawaru
  7293 | D:8      | Found a shattered altar of Ashenzari.
  7359 | D:8      | Found a bloodstained altar of Trog.
  7362 | D:8      | Found a glowing golden altar of the Shining One.
  7378 | D:8      | Found a hide-covered altar of Uskayaw.
  7388 | D:8      | Reached XP level 10. HP: 70/84 MP: 13/13
  7417 | D:8      | Found a white marble altar of Elyvilon.
  7967 | D:8      | Reached * piety under Okawaru
  8623 | D:9      | Found a shadowy altar of Dithmenos.
  8743 | D:9      | Found a stormy altar of Qazlal.
  8838 | D:9      | Noticed a cyclops
  8846 | D:9      | Killed a cyclops
  8846 | D:9      | Reached skill level 1 in Invocations
  8912 | D:9      | Reached ** piety under Okawaru
  8946 | D:9      | Found a hazy altar of Hepliaklqana.
  9028 | D:9      | Noticed a two-headed ogre
  9043 | D:9      | Killed a two-headed ogre
  9043 | D:9      | Reached XP level 11. HP: 60/92 MP: 11/14
  9064 | D:9      | Found a staircase to the Lair.
  9126 | D:9      | Found Deumireb's Magic Scroll Shoppe.
  9142 | D:9      | Bought a scroll of teleportation for 42 gold pieces
  9142 | D:9      | Bought a scroll of identify for 28 gold pieces
  9142 | D:9      | Bought a scroll of identify for 28 gold pieces
  9222 | D:9      | Reached skill level 10 in Axes
  9275 | D:9      | Found Zexkex's Armour Emporium.
  9312 | D:9      | Found Olaga's Antique Armour Emporium.
  9344 | D:9      | Found Ahygysio's Jewellery Emporium.
  9373 | D:9      | Found Hoenoch's Weapon Shoppe.
  9496 | D:9      | Identified the +5 flail "Xenetuti" {drain, Str+3}
  9539 | D:10     | Entered Level 10 of the Dungeon
  9554 | D:10     | Reached *** piety under Okawaru
  9730 | D:10     | Noticed Gastronok
  9913 | D:10     | Noticed a two-headed ogre
  9991 | D:10     | Noticed a two-headed ogre
 10039 | D:9      | Killed a two-headed ogre
 10039 | D:9      | Reached skill level 5 in Evocations
 10192 | D:10     | Reached skill level 10 in Shields
 10253 | D:10     | HP: 3/93 [acid (11)]
 10256 | D:10     | Mangled by a two-headed ogre

Levels and vault maps discovered:
D:1:      noname_arrival_rooms_in_the_neighbourhood, layout_basic
D:2:      layout_loops_ring, minitemple, serial_bayou_crossing
D:3:      layout_rooms, first_ration, minivault_23
D:4:      layout_loops_ring, minmay_three_crescents
D:5:      layout_basic, lemuel_doored_altar, serial_shops, shop,
          nicolae_shop_overgrown_old_shop, shop
D:6:      layout_basic, makhleb_heckhound_becter
D:7:      layout_loops_ring, lemuel_crystal_altar, fedhas_altar_2,
          temple_doors_cd, serial_shops, nicolae_shop_waterfront
D:8:      layout_basic, old_standard_altar, grunt_temple_overflow_cloverleaf,
          grunt_livestock
D:9:      layout_roguey, grunt_dithmenos_smoke, kennysheep_little_box,
          nicolae_overflow_crystal_walls, due_lair_maze_entry_diamond,
          serial_shops, nicolae_shop_stone, shop, shop, shop,
          kennysheep_mini_moat, lightli_minifort
D:10:     layout_long_grid, serial_ice, serial_ice_m, serial_ice_c,
          serial_ice_k, serial_ice_f, serial_ice_g, serial_ice_a, uniq_gastronok
Temple:   compressed_dpeg_triangle_lava_temple

Skill      XL: |  1  2  3  4  5  6  7  8  9 10 11 |
---------------+----------------------------------+-----
Fighting       | 4 5 6 7 |  7.7
Axes           | 3 5 7 8 9 10 | 10.4
Armour         | 4 5 6 7 8 |  8.5
Spellcasting   | 1 2 |  2.6
Slings         | 2 3 4 |  4.8
Shields        | 4 5 6 8 9 10 | 10.1
Dodging        | 1 |  1.4
Stealth        | 1 |  1.4
Evocations     | 2 4 5 |  5.0
Invocations    | 2 3 |  3.4
Throwing       | |  0.2

Action                   |  1- 3 |  4- 6 |  7- 9 | 10-12 || total
-------------------------+-------+-------+-------+-------++-------
Melee: War axe           |    68 |       |       |       ||    68
       Hand axe          |    17 |    86 |   445 |   415 ||   963
 Fire: Hunting sling     |    19 |    61 |   109 |    75 ||   264
Throw: Stone             |       |     8 |     1 |       ||     9
       Boomerang         |       |       |     1 |     7 ||     8
Invok: Heroism           |       |       |       |     5 ||     5
Evoke: Wand              |       |       |     1 |       ||     1
  Use: Potion            |       |     2 |     2 |     4 ||     8
       Scroll            |       |       |       |     1 ||     1
  Eat: Ration            |     1 |       |     2 |     1 ||     4
       Chunk             |       |     4 |     8 |     7 ||    19
Armor: Scale mail        |    36 |    29 |    17 |       ||    82
       Chain mail        |       |       |   150 |   114 ||   264
Dodge: Dodged            |    22 |    33 |    93 |    65 ||   213
Block: Shield            |    43 |    43 |   277 |   263 ||   626
       Reflection        |       |       |    10 |     8 ||    18

Table legend:
 A = Non-vault XP
 B = Vault XP
 C = Vault XP percentage of total XP
 D = Non-vault monster count
 E = Vault monster count
 F = Vault count percentage of total count
                 A         B        C        D         E       F
            +---------+---------+-------+---------+---------+-------
      Total |    9308 |    3670 |  28.3 |     244 |      26 |   9.6
            +---------+---------+-------+---------+---------+-------
        D:1 |      45 |       0 |   0.0 |      22 |       0 |   0.0
        D:2 |      78 |       0 |   0.0 |      22 |       0 |   0.0
        D:3 |      59 |       0 |   0.0 |      12 |       0 |   0.0
        D:4 |     179 |     164 |  47.8 |      12 |       3 |  20.0
        D:5 |    1409 |       0 |   0.0 |      35 |       0 |   0.0
        D:6 |    1356 |      40 |   2.9 |      38 |       1 |   2.6
        D:7 |     664 |       0 |   0.0 |      16 |       0 |   0.0
        D:8 |    1429 |    1002 |  41.2 |      36 |       5 |  12.2
        D:9 |    3175 |    2099 |  39.8 |      34 |       9 |  20.9
       D:10 |     914 |     365 |  28.5 |      17 |       8 |  32.0
            +---------+---------+-------+---------+---------+-------
